 Dungeon Crawl Stone Soup version 0.23.0 (webtiles) character file.

Game seed: 12549489013449939903

325760 BarneyGumball the Slayer (level 20, -15/209 HPs)
             Began as a Minotaur Berserker on Feb 22, 2019.
             Was a High Priest of Trog.
             Hit by a large rock thrown by a stone giant (33 damage)
             ... on level 3 of the Depths.
             The game lasted 01:44:34 (54642 turns).

BarneyGumball the Slayer (Minotaur Berserker)      Turns: 54642, Time: 01:44:34

Health: -15/209    AC: 33    Str: 35    XL:     20   Next: 74%
Magic:  27/27      EV: 10    Int:  4    God:    Trog [*****.]
Gold:   1213       SH: 17    Dex: 11    Spells: 19/19 levels left

rFire    + . .     SeeInvis .   b - +2 broad axe (freeze)
rCold    + + .     Gourm    +   y - +2 shield of Resistance {rF+ rC+ MR+}
rNeg     + . .     Faith    .   G - +1 plate armour {rC+}
rPois    +         Spirit   .   (helmet restricted)
rElec    .         Reflect  .   W - +2 cloak
rCorr    +         Harm     .   r - +0 pair of gloves
MR       ++++.                  V - +1 pair of boots
Stlth    ..........             P - amulet of the gourmand
HPRegen  1.44/turn              n - ring "Vagiu" {rCorr rPois}
MPRegen  0.20/turn              s - ring of Yceush {rN+ AC+3}

@: mighty, berserk cooldown, very slightly contaminated, regenerating, hasted
and slowed
A: retaliatory headbutt, horns 2
}: 2/15 runes: barnacled, gossamer
a: Berserk, Trog's Hand, Brothers in Arms, Renounce Religion


You were on level 3 of the Depths.
You worshipped Trog.
Trog was extremely pleased with you.
You were full.

You visited 7 branches of the dungeon, and saw 37 of its levels.
You visited 2 bazaars.

You collected 3891 gold pieces.
You spent 2678 gold pieces at shops.

Inventory:

Hand Weapons
 a - a +2 broad axe of flaming
 b - a +2 broad axe of freezing (weapon)
 j - a +5 antimagic broad axe
Missiles
 E - 7 throwing nets (quivered)
Armour
 r - a +0 pair of gloves (worn)
 y - the +2 shield of Resistance (worn) {rF+ rC+ MR+}
   (You bought it in a shop on level 2 of the Orcish Mines)

   It protects you from fire.
   It protects you from cold.
   It affects your resistance to hostile enchantments.
 G - a +1 plate armour of cold resistance (worn)
 V - a +1 pair of boots (worn)
 W - a +2 cloak (worn)
Jewellery
 g - an uncursed ring of protection from magic
 n - the ring "Vagiu" (left hand) {rCorr rPois}
   (You bought it in a shop in a bazaar)

   [ring of resist corrosion]

   It protects you from poison.
 o - an uncursed ring of protection from cold
 s - the ring of Yceush (right hand) {rN+ AC+3}
   (You took it off a crimson imp on level 7 of the Dungeon)

   [ring of protection]

   It affects your AC (+3).
   It protects you from negative energy.
 z - an uncursed ring of positive energy
 D - an uncursed ring of protection from fire
 P - an amulet of the gourmand (around neck)
Wands
 p - a wand of iceblast (9)
 v - a wand of paralysis (25)
 B - a wand of acid (8)
 K - a wand of digging (9)
 R - a wand of flame (31)
 U - a wand of enslavement (10)
 Y - a wand of polymorph (9)
Scrolls
 d - 9 scrolls of teleportation
 f - 16 scrolls of remove curse
 h - 2 scrolls of blinking
 t - a scroll of fear
 w - 2 scrolls of summoning
 I - a scroll of immolation
 J - 4 scrolls of fog
 L - 9 scrolls of enchant armour
 N - 3 scrolls of enchant weapon
 O - 2 scrolls of magic mapping
 Q - 5 scrolls of identify
Potions
 e - 2 potions of lignification
 i - 5 potions of flight
 k - 2 potions of cancellation
 l - 6 potions of curing
 m - a potion of invisibility
 q - 4 potions of ambrosia
 u - 3 potions of might
 x - 2 potions of berserk rage
 A - 2 potions of haste
 C - 4 potions of resistance
 F - a potion of agility
 H - 4 potions of mutation
 X - a potion of magic
Comestibles
 c - 54 rations


   Skills:
 * Level 24.6 Fighting
 - Level 18.0 Axes
 + Level 22.4 Armour
 - Level 2.1 Dodging
 - Level 15.0 Shields
 + Level 11.0 Evocations


You had 19 spell levels left.
You didn't know any spells.
Your spell library was empty.

Dungeon Overview and Level Annotations

Branches:
Dungeon (15/15)            Temple (0/1) D:7            Lair (5/6) D:8
 Shoals (4/4) Lair:2       Spider (4/4) Lair:3          Orc (2/2) D:12
    Elf (0/3) Orc:2        Vaults (4/5) D:13          Crypt (0/3) Vaults:3
 Depths (3/5) D:15
  Slime: Lair:5-6

Altars:
Ashenzari
Cheibriados
Elyvilon
Fedhas
Gozag
Kikubaaqudgha
Qazlal
Sif Muna
Trog
Uskayaw
Xom

Shops:
D:9 %   D:11 }**   Orc:1 %}   Orc:2 *?[(   Vaults:4 ?

Portals:
Hell: Depths:1 Depths:2
Abyss: Depths:3
Pandemonium: Depths:1
Ziggurat: Depths:3
Trove: D:14 (give 6 scrolls of blinking)

Annotations:
D:2 1 runed translucent door, Crazy Yiuf
D:5 exclusion: 2 doors
D:6 1 runed translucent door, ShrewdGherkins's ghost, novice DsFi
Lair:1 exclusion: 3 oklob plants
Lair:5 4 exclusions
Shoals:2 Polyphemus
Spider:2 1 transporter
Depths:1 Sojobo


Innate Abilities, Weirdness & Mutations

You reflexively headbutt those who attack you in melee.
You have a pair of horns on your head.


Message History

Reactivating autopickup.
The yaktaur wields a +0 arbalest.
The yaktaur shoots a bolt.
The bolt hits you!
* * * LOW HITPOINT WARNING * * *
A fire giant comes into view.
It is wielding a +1 great sword of flaming.
You block the vampire knight's attack.
The vampire knight bites you but does no damage.
You closely miss the vampire knight.
The vampire knight is lightly damaged.
Your surroundings suddenly seem different.
A fire dragon comes into view.
The fire dragon roars deafeningly!
You hear a chilling moan.
The stone giant throws a large rock.
The large rock barely misses you.
Found a robe and a large rock.
Found a stone staircase leading down.
A stone giant comes into view.
Blink to where?
Press: ? - help, Dir - move target cursor You are very lightly contaminated with residual magic.
As you read the scroll of blinking, it crumbles to dust.
The stone giant throws a large rock.
The large rock hits you!!
You die...

###############################
#..........................(D..
#....i..........@..............
#...............##.....§.......
.<............## ###C..........
......#+#.... #.#[.........
.....## #.. #. #.......>..
.....# #. ##......... ≈....# #
#......... ≈≈...# ..#.......
≈....# .. ...##''


You could see a stone giant.

Vanquished Creatures
  Boris (Vaults:2)
  Margery (Depths:1)
  the Enchantress (Depths:2)
  2 liches
  A sphinx (Vaults:2)
  5 tengu reavers
  2 fire giants (Depths:3)
  7 vault wardens
  2 deep elf sorcerers
  An iron dragon (Depths:3)
  6 frost giants
  4 emperor scorpions (Spider:4)
  2 ghost moths (Spider:4)
  5 spriggan defenders
  9 ironheart preservers
  6 caustic shrike skeletons (Depths:2)
  2 war gargoyles
  8 stone giants
  2 entropy weavers
  A vampire knight (Depths:3)
  A deep elf annihilator (Vaults:1)
  A spark wasp (Depths:3)
  7 ettins
  A deep elf death mage (Vaults:1)
  Snorg (D:11)
  2 merfolk javelineers (Shoals:4)
  8 merfolk impalers
  4 fire dragons
  7 yaktaur captains
  13 ogre magi
  7 vault guards
  5 great orbs of eyes
  3 ice dragons
  6 spriggan air magi
  5 hydras
  5 rakshasas
  An anaconda (Depths:2)
  11 centaur warriors
  4 merfolk aquamancers (Shoals:4)
  3 satyrs (Shoals:4)
  A death knight (Vaults:3)
  21 two-headed ogres
  6 deep troll earth magi
  2 deep troll shamans
  A death yak (Depths:2)
  Urug (Lair:1)
  4 tengu warriors
  5 spriggan berserkers (Depths:2)
  9 deep elf knights
  2 iron trolls (Depths:1)
  15 hell knights
  11 skeletal warriors
  2 unseen horrors
  2 glowing orange brains (Depths:3)
  A storm dragon skeleton (Vaults:4)
  A flayed ghost (Depths:1)
  11 deep trolls
  7 spriggan druids (Depths:2)
  3 wizards
  6 sea snakes
  An orange crystal statue (D:14)
  4 deep elf archers
  A lindwurm (D:13)
  A phantasmal warrior (D:13)
  A wolf spider zombie (D:13)
  10 ironbrand convokers
  41 ugly things
  17 harpies
  2 shadow dragon skeletons (Vaults:3)
  8 orb spiders
  15 orc knights
  10 necromancers
  A tengu skeleton (Vaults:3)
  2 fire giant zombies (Vaults:4)
  13 cyclopes
  14 deep elf magi
  7 manticores
  2 orc sorcerers
  19 wolf spiders
  6 fauns
  3 stone giant skeletons (Vaults:3)
  8 merfolk sirens
  2 black mambas
  A moth of wrath (Spider:1)
  A sphinx skeleton (Vaults:3)
  7 spiny frogs
  4 water nymphs
  3 frost giant skeletons (Vaults:3)
  A molten gargoyle (D:14)
  A gargoyle (D:12)
  5 vault sentinels
  A rime drake (shapeshifter) (Vaults:3)
  A spiny frog (shapeshifter) (Depths:1)
  22 yaktaurs
  A rime drake (Lair:3)
  6 demonic crawlers
  10 freezing wraiths
  A yaktaur (shapeshifter) (D:15)
  A komodo dragon (shapeshifter) (Vaults:1)
  5 komodo dragons
  17 jumping spiders
  8 trolls
  An entropy weaver simulacrum (Vaults:1)
  3 human skeletons (Vaults:3)
  4 tengu conjurers
  15 merfolk
  3 wind drakes
  A hornet (shapeshifter) (D:15)
  A polar bear (Lair:5)
  18 hornets
  29 slime creatures
  5 blink frogs (Lair:5)
  8 snapping turtles
  A frost giant simulacrum (Vaults:4)
  6 dream sheep (Lair:5)
  A fire giant simulacrum (Vaults:4)
  8 hippogriffs
  A meliai zombie (D:8)
  A shadow (D:12)
  11 water elementals
  A spriggan (shapeshifter) (Vaults:3)
  42 spriggans
  28 redbacks
  2 ettin skeletons
  A fire elemental (Depths:1)
  13 tarantellas
  A human (Vaults:3)
  A wraith (Vaults:1)
  3 wyverns
  2 humans (shapeshifter)
  2 basilisks (Lair:4)
  A vampire (D:12)
  23 yaks
  A steam dragon (D:7)
  5 hungry ghosts
  3 vampire mosquitoes (D:13)
  A soldier ant (D:13)
  A soldier ant (shapeshifter) (Vaults:3)
  7 wargs
  8 water moccasins
  An acid dragon (Vaults:1)
  6 porcupines
  2 sky beasts
  2 deep troll skeletons (Vaults:3)
  7 ice beasts
  2 eyes of draining
  50 orc warriors
  4 black bears
  14 wolves
  28 centaurs
  4 phantoms
  A boggart (Depths:2)
  26 ogres
  2 elf skeletons
  10 crocodiles
  A big kobold (D:13)
  A wyvern zombie (D:13)
  18 bullfrogs
  An ogre simulacrum (Vaults:1)
  Blork the orc (D:5)
  A water moccasin zombie (D:9)
  5 scorpions
  A wyvern skeleton (D:10)
  5 wights (D:12)
  A howler monkey (D:5)
  A lava snake (D:14)
  12 crimson imps
  A bullfrog zombie (D:5)
  A human simulacrum (Vaults:3)
  A quasit (D:12)
  5 hounds
  16 jellies
  25 orc wizards
  16 orc priests
  6 centaur zombies
  5 centaur skeletons
  2 bullfrog skeletons
  4 iguanas
  16 worker ants
  A hound zombie (D:6)
  A hound skeleton (D:11)
  2 worker ant zombies
  A howler monkey zombie (D:11)
  3 gnolls (Orc:1)
  12 adders
  2 shadow imps
  13 oozes
  2 adder zombies
  5 adder skeletons
  A dart slug (D:3)
  7 leopard geckos
  115 orcs
  6 giant cockroaches
  9 goblins
  4 hobgoblins
  26 jackals
  9 quokkas
  A ball python (D:2)
  6 bats
  8 frilled lizards
  13 kobolds
  A leopard gecko zombie (D:9)
  2 rats
  2 fungi
  3 plants
1381 creatures vanquished.

Vanquished Creatures (collateral kills)
  Nikola (Spider:1)
  2 emperor scorpions (Spider:4)
  A ghost moth (Spider:4)
  An orc warlord (Orc:2)
  A spriggan defender (Depths:2)
  A hydra (D:13)
  2 centaur warriors (D:13)
  A merfolk aquamancer (Shoals:4)
  A hell knight (Depths:1)
  A wizard (Depths:1)
  4 orb spiders
  2 manticores
  A water nymph (Shoals:4)
  2 spiny frogs (Lair:2)
  4 jumping spiders (Spider:2)
  A merfolk (Shoals:4)
  6 redbacks
  A water moccasin (Lair:2)
  5 orc warriors (Orc:2)
  2 orc wizards (Orc:2)
  3 orcs (Orc:2)
43 creatures vanquished.

Vanquished Creatures (others)
  A spriggan (Depths:2)
  A tengu conjurer (Depths:2)
  A hornet (Depths:2)
  An orc warrior (Vaults:1)
  2 boggarts (Depths:2)
  3 bushes (Depths:2)
  6 fungi
  33 plants
  4 tentacles (Shoals:1)
52 creatures vanquished.

Grand Total: 1476 creatures vanquished

Notes
Turn   | Place    | Note
-------+----------+-------------------------------------------
     0 | D:1      | BarneyGumball the Minotaur Berserker began the quest for
                  | the Orb.
     0 | D:1      | Reached XP level 1. HP: 19/19 MP: 0/0
   687 | D:1      | Reached XP level 2. HP: 26/26 MP: 1/1
  1300 | D:2      | Reached XP level 3. HP: 23/31 MP: 2/2
  1301 | D:2      | Reached ** piety under Trog
  1438 | D:2      | Reached skill level 5 in Axes
  1648 | D:2      | Found a runed translucent door.
  1649 | D:2      | Noticed Crazy Yiuf
  1814 | D:3      | Noticed an ogre
  1823 | D:3      | Killed an ogre
  1823 | D:3      | Reached XP level 4. HP: 39/39 MP: 3/3
  1925 | D:3      | Reached XP level 5. HP: 40/45 MP: 4/4
  2339 | D:3      | Reached *** piety under Trog
  2760 | D:4      | Noticed a centaur
  2768 | D:4      | Killed a centaur
  2768 | D:4      | Reached XP level 6. HP: 40/51 MP: 5/5
  2900 | D:4      | Reached skill level 5 in Armour
  3440 | D:4      | Reached XP level 7. HP: 50/57 MP: 6/6
  3580 | D:5      | Entered Level 5 of the Dungeon
  4046 | D:5      | Reached XP level 8. HP: 56/64 MP: 7/7
  4090 | D:5      | Reached skill level 10 in Axes
  4250 | D:5      | Reached **** piety under Trog
  4512 | D:5      | Noticed Blork the orc
  4518 | D:5      | Killed Blork the orc
  4736 | D:6      | Found a runed translucent door.
  4737 | D:6      | Found a shimmering altar of Xom.
  4737 | D:6      | Noticed ShrewdGherkins's ghost (novice DsFi)
  4737 | D:6      | Noticed a +0 spear of chaos
  4812 | D:6      | Found a hide-covered altar of Uskayaw.
  5778 | D:6      | Found an ancient bone altar of Kikubaaqudgha.
  5941 | D:6      | Reached XP level 9. HP: 40/70 MP: 8/8
  6437 | D:7      | Noticed a manticore
  6442 | D:7      | Noticed an eight-headed hydra
  6551 | D:7      | Received a gift from Trog
  6721 | D:7      | Identified the ring of Yceush {rN+ AC+3}
  6721 | D:7      | Noticed a white ugly thing
  7634 | D:8      | Noticed a two-headed ogre
  7639 | D:8      | Killed a two-headed ogre
  7639 | D:8      | Reached skill level 10 in Armour
  7639 | D:8      | Reached XP level 10. HP: 77/77 MP: 9/9
  7902 | D:8      | Found a staircase to the Lair.
  9056 | D:9      | Found a blossoming altar of Fedhas.
  9107 | D:9      | Found Lanisef's Food Shop.
  9154 | D:9      | Reached skill level 15 in Axes
  9760 | D:10     | Entered Level 10 of the Dungeon
  9789 | D:10     | Reached skill level 1 in Shields
  9858 | D:10     | Paralysed by a hornet for 3 turns
 10271 | D:10     | Identified a scroll of acquirement
 11140 | D:11     | Reached ***** piety under Trog
 11140 | D:11     | Reached XP level 11. HP: 53/82 MP: 10/10
 11303 | D:11     | Received a gift from Trog
 11314 | D:11     | Found an opulent altar of Gozag.
 11325 | D:11     | Noticed a two-headed ogre
 11331 | D:11     | Killed a two-headed ogre
 11547 | D:11     | Found Yguzyu's General Store.
 11696 | D:11     | Noticed Snorg
 11708 | D:11     | Killed Snorg
 11761 | D:11     | Found Tiaxi's General Store.
 11768 | D:11     | Bought a scroll of immolation for 49 gold pieces
 11768 | D:11     | Bought a scroll of fog for 28 gold pieces
 11882 | D:11     | Found a deep blue altar of Sif Muna.
 11932 | D:11     | Noticed a brown ugly thing
 11947 | D:11     | Killed a brown ugly thing
 12177 | D:11     | Found Iqot's Gadget Emporium.
 12185 | D:11     | Bought a wand of digging (6) for 300 gold pieces
 12290 | D:11     | Noticed a purple ugly thing
 12300 | D:11     | Killed a purple ugly thing
 12300 | D:11     | Reached skill level 5 in Shields
 12386 | D:11     | Noticed a deep elf mage
 12389 | D:11     | Killed a deep elf mage
 12566 | D:11     | Noticed a red ugly thing
 12578 | D:11     | Killed a red ugly thing
 12808 | D:12     | Noticed a four-headed hydra
 13145 | Lair:1   | Entered Level 1 of the Lair of Beasts
 13730 | Lair:1   | Found a white marble altar of Elyvilon.
 13790 | Lair:1   | Noticed Urug
 13805 | Lair:1   | Killed Urug
 14118 | Lair:1   | Noticed an oklob plant
 14118 | Lair:1   | Noticed an oklob plant
 14149 | Lair:1   | Reached XP level 12. HP: 78/90 MP: 11/11
 14277 | Lair:1   | Found a blossoming altar of Fedhas.
 15031 | Lair:2   | Found a staircase to the Shoals.
 15841 | Lair:3   | Found a hole to the Spider Nest.
 16568 | Lair:3   | Noticed an eight-headed hydra
 16577 | Lair:3   | Killed an eight-headed hydra
 16808 | Lair:4   | Noticed an eight-headed hydra
 16816 | Lair:3   | Killed an eight-headed hydra
 18370 | Lair:5   | Reached skill level 10 in Shields
 18611 | Lair:5   | Reached XP level 13. HP: 67/95 MP: 12/12
 19671 | D:12     | Found a stormy altar of Qazlal.
 20003 | D:7      | Reached skill level 15 in Armour
 20560 | D:7      | Found a staircase to the Ecumenical Temple.
 20690 | D:7      | Reached skill level 4 in Fighting
 21336 | D:12     | Reached skill level 5 in Fighting
 21384 | D:12     | Found a staircase to the Orcish Mines.
 22003 | D:12     | Received a gift from Trog
 22178 | Orc:1    | Entered Level 1 of the Orcish Mines
 22267 | Orc:1    | Reached skill level 6 in Fighting
 22281 | Orc:1    | Reached ****** piety under Trog
 22461 | Orc:1    | Found Garphi's Gadget Boutique.
 22639 | Orc:1    | Found Usyitapn's Food Boutique.
 22717 | Orc:1    | Reached skill level 7 in Fighting
 22824 | Orc:2    | Entered Level 2 of the Orcish Mines
 24037 | Orc:2    | Found a staircase to the Elven Halls.
 24061 | Orc:2    | Reached skill level 8 in Fighting
 24445 | Orc:2    | Noticed an orc warlord
 24450 | Orc:2    | Killed an orc warlord
 24685 | Orc:2    | Received a gift from Trog
 24811 | Orc:2    | Reached skill level 9 in Fighting
 24928 | Orc:2    | Found Haogah's Magic Scroll Emporium.
 24928 | Orc:2    | Found Feraf's Antique Armour Shop.
 24930 | Orc:2    | Found Defios's Weapon Boutique.
 24932 | Orc:2    | Found Irext's General Store.
 24947 | Orc:2    | Bought the +2 shield of Resistance {rF+ rC+ MR+} for 1150
                  | gold pieces
 24947 | Orc:2    | Found the +2 shield of Resistance {rF+ rC+ MR+}
 25166 | D:13     | Reached XP level 14. HP: 61/118 MP: 13/13
 25668 | D:13     | Reached skill level 10 in Fighting
 26045 | D:13     | Found a flickering gateway to a bazaar.
 26054 | D:13     | You fall through a shaft for 2 floors!
 26054 | D:15     | Entered Level 15 of the Dungeon
 26328 | Bazaar   | Entered a bazaar
 26350 | Bazaar   | Found Ijyal's Food Emporium.
 26366 | Bazaar   | Found Soofar's General Store.
 26394 | Bazaar   | Found Tuask's Jewellery Emporium.
 26394 | Bazaar   | Found Qithovy's Armour Shoppe.
 26505 | Bazaar   | Bought the ring "Vagiu" {rCorr rPois} for 530 gold pieces
 26827 | D:13     | Reached skill level 11 in Fighting
 26967 | D:13     | Found a gate to the Vaults.
 27504 | D:14     | Found a snail-covered altar of Cheibriados.
 27665 | D:14     | Found a gateway to a bazaar.
 27679 | Bazaar   | Entered a bazaar
 27769 | Bazaar   | Found Ykkirphya's Gadget Shoppe.
 27769 | Bazaar   | Found Syudop's Distillery.
 27805 | Bazaar   | Found Gycwess's Antique Weapon Emporium.
 27805 | Bazaar   | Found Gef Xoth's Armour Emporium.
 27844 | Bazaar   | Bought a potion of agility for 60 gold pieces
 27876 | D:14     | Received a gift from Trog
 28371 | D:14     | Found a portal to a secret trove of treasure.
 28773 | D:15     | Found a staircase to the Depths.
 28773 | D:15     | Noticed a frost giant
 28782 | D:15     | Killed a frost giant
 28782 | D:15     | Reached skill level 12 in Fighting
 29540 | Spider:1 | Entered Level 1 of the Spider Nest
 30143 | Spider:1 | Noticed Nikola
 30151 | Spider:1 | Killed Nikola
 30151 | Spider:1 | Reached skill level 13 in Fighting
 30151 | Spider:1 | Reached XP level 15. HP: 135/135 MP: 14/14
 31015 | Spider:3 | Received a gift from Trog
 31135 | Spider:4 | Entered Level 4 of the Spider Nest
 31620 | Spider:4 | Reached skill level 14 in Fighting
 31920 | Spider:4 | Received a gift from Trog
 32088 | Spider:4 | Killed a ghost moth
 32473 | Spider:4 | Killed a ghost moth
 32711 | Spider:4 | Killed a ghost moth
 32711 | Spider:4 | Reached skill level 15 in Fighting
 33053 | Spider:4 | Got a gossamer rune of Zot
 33457 | Spider:2 | Found a transporter.
 33925 | Shoals:1 | Entered Level 1 of the Shoals
 34196 | Shoals:1 | Noticed a kraken
 34230 | Shoals:2 | Reached skill level 15 in Shields
 34234 | Shoals:2 | Noticed Polyphemus
 34795 | Shoals:2 | Reached XP level 16. HP: 132/150 MP: 15/15
 35327 | D:11     | Reached skill level 16 in Fighting
 35406 | Orc:2    | Bought a +2 broad axe of freezing for 307 gold pieces
 35698 | Shoals:2 | Received a gift from Trog
 35955 | Shoals:4 | Entered Level 4 of the Shoals
 36061 | Shoals:4 | Found a runed translucent door.
 37232 | Shoals:4 | Reached skill level 17 in Fighting
 38156 | Shoals:4 | Got a barnacled rune of Zot
 38371 | Shoals:4 | Reached skill level 18 in Fighting
 39022 | Vaults:1 | Entered Level 1 of the Vaults
 39589 | Vaults:1 | Reached XP level 17. HP: 161/166 MP: 11/16
 39685 | Vaults:1 | Received a gift from Trog
 39699 | Vaults:1 | Reached skill level 1 in Evocations
 39786 | Vaults:1 | Reached skill level 19 in Fighting
 41428 | Vaults:1 | Received a gift from Trog
 41430 | Vaults:1 | Reached skill level 20 in Fighting
 42325 | Vaults:2 | Reached skill level 5 in Evocations
 42587 | Vaults:2 | Noticed Boris
 42603 | Vaults:2 | Killed Boris
 42603 | Vaults:2 | Reached XP level 18. HP: 156/180 MP: 19/21
 43005 | Vaults:2 | Received a gift from Trog
 43596 | Vaults:2 | Paralysed by a sphinx for 6 turns
 43611 | Vaults:2 | Paralysed by a sphinx for 5 turns
 43966 | Vaults:3 | Reached skill level 21 in Fighting
 44584 | Vaults:3 | Found a staircase to the Crypt.
 45063 | Vaults:3 | Received a gift from Trog
 46058 | Vaults:3 | Reached skill level 22 in Fighting
 46376 | Vaults:4 | Noticed a lich
 46385 | Vaults:4 | Killed a lich
 46385 | Vaults:4 | Reached XP level 19. HP: 168/191 MP: 23/23
 47277 | Vaults:4 | Found Lunnox's Magic Scroll Shop.
 47285 | Vaults:4 | Bought a scroll of blinking for 127 gold pieces
 47285 | Vaults:4 | Bought a scroll of blinking for 127 gold pieces
 47628 | Vaults:4 | Received a gift from Trog
 48280 | Depths:1 | Entered Level 1 of the Depths
 48792 | Depths:1 | Found a shattered altar of Ashenzari.
 48948 | Depths:1 | You fall through a shaft!
 48948 | Depths:2 | Noticed Sojobo
 49176 | Depths:2 | Found a gateway to Hell.
 49423 | Depths:2 | Reached skill level 23 in Fighting
 49738 | Depths:2 | Found a bloodstained altar of Trog.
 49942 | Depths:1 | Noticed Margery
 49946 | Depths:1 | Received a gift from Trog
 49962 | Depths:1 | Killed Margery
 50150 | Depths:1 | Found a one-way gate leading to the halls of Pandemonium.
 51544 | Depths:2 | Received a gift from Trog
 51844 | Depths:2 | Reached XP level 20. HP: 204/204 MP: 26/26
 52155 | Depths:2 | Reached skill level 10 in Evocations
 52467 | Depths:2 | Identified the +2 robe of Daffodils {rElec rPois rC++
                  | Dex+4}
 52532 | Depths:2 | Identified the +4 steam dragon scales of the Lobster {rElec
                  | rCorr Str-5}
 52659 | Depths:2 | Received a gift from Trog
 52986 | Depths:2 | Reached skill level 24 in Fighting
 53340 | Depths:2 | Identified the +6 faerie dragon scales {*Corrode rElec
                  | rCorr Dex+6}
 53340 | Depths:2 | Noticed the Enchantress
 53777 | Depths:2 | Killed the Enchantress
 53850 | Depths:3 | Found a gateway to a ziggurat.
 53953 | Depths:3 | Found a one-way gate to the infinite horrors of the Abyss.
 54586 | Depths:3 | Received a gift from Trog
 54609 | Depths:3 | Identified the +2 quarterstaff "Syluirio" {holy, -Tele rN++
                  | MR+}
 54642 | Depths:3 | Hit by a large rock thrown by a stone giant

Skill      XL: |  1  2  3  4  5  6  7  8  9 10 11 12 13 14 15 16 17 18 19 20 |
---------------+-------------------------------------------------------------+-----
Axes           | 4 6 7 8 9 11 13 15 17 18 | 18.0
Armour         | 3 4 5 6 8 10 11 12 14 15 17 18 19 20 21 22 | 22.4
Shields        | 3 6 10 12 13 15 | 15.0
Fighting       | 9 13 15 18 20 22 23 24 | 24.6
Evocations     | 5 7 9 11 | 11.0
Dodging        | |  2.1

Action                   |  1- 3 |  4- 6 |  7- 9 | 10-12 | 13-15 | 16-18 | 19-21 || total
-------------------------+-------+-------+-------+-------+-------+-------+-------++-------
Melee: Hand axe          |    68 |   118 |   178 |       |       |       |       ||   364
       Headbutt          |     5 |    20 |    45 |   130 |   298 |   388 |   233 ||  1119
       Battleaxe         |       |       |    97 |   286 |       |       |       ||   383
       Broad axe         |       |       |       |   376 |  1434 |  1382 |   948 ||  4140
       Flail             |       |       |       |     8 |    11 |     9 |       ||    28
Throw: Throwing net      |       |       |       |       |       |       |     1 ||     1
Invok: Berserk           |     3 |     2 |     9 |    20 |    22 |    20 |    22 ||    98
       Brothers in Arms  |       |       |       |     1 |    10 |     3 |     6 ||    20
       Trog's Hand       |       |       |       |     1 |     3 |     2 |     2 ||     8
 Abil: Evoke Flight      |       |       |       |       |     2 |       |       ||     2
Evoke: Wand              |       |       |       |     1 |     2 |       |       ||     3
  Use: Scroll            |       |       |     9 |    17 |    18 |     6 |    14 ||    64
       Potion            |       |       |       |     3 |     7 |     5 |     5 ||    20
 Stab: Distracted        |       |       |       |       |     2 |       |     4 ||     6
  Eat: Chunk             |     5 |     8 |    13 |    29 |    84 |    61 |    48 ||   248
       Ration            |       |       |     2 |     9 |     1 |     1 |       ||    13
Armor: Ring mail         |    32 |    31 |    13 |       |       |       |       ||    76
       Chain mail        |       |       |    94 |    60 |    69 |       |       ||   223
       Plate armour      |       |       |       |   167 |   474 |   396 |   351 ||  1388
       Scale mail        |       |       |       |    96 |   144 |       |       ||   240
Dodge: Dodged            |    52 |    65 |   118 |   220 |   416 |   226 |   182 ||  1279
Block: Shield            |       |       |       |   171 |  1037 |   704 |   528 ||  2440
